 Dungeon Sprint DCSS version 0.22.1-2-g9c5b331 (webtiles) character file.

123 diana the Slasher (level 5, 32/32 HPs)
             Began as a Vine Stalker Berserker on Nov 30, 2018.
             Was an Initiate of Ru.
             Quit the game in the Dungeon (Sprint IX: "|||||||||||||||||||||||||||||").
             The game lasted 00:00:50 (266 turns).

diana the Slasher (Vine Stalker Berserker)           Turns: 266, Time: 00:00:50

Health: 32/32      AC:  2    Str: 21    XL:     5   Next: 7%
Magic:  6/6        EV: 12    Int:  7    God:    Ru [......]
Gold:   0          SH:  0    Dex: 13    Spells: 4/4 levels left

rFire    . . .     SeeInvis .   a - +0 falchion
rCold    . . .     Gourm    .   (no shield)
rNeg     . . .     Faith    .   b - +0 animal skin
rPois    .         Spirit   +   (no helmet)
rElec    .         Reflect  .   (no cloak)
rCorr    .         Harm     .   (no gloves)
MR       .....     NoTele   +   (no boots)
Stlth    +.........             (no amulet)
HPRegen  0.50/turn              (no ring)
MPRegen  0.10/turn              (no ring)

@: no status effects
A: fangs 2, regeneration 1, magic shield, antimagic bite, no potion heal 3, rot
immunity
a: Renounce Religion


You were in the Dungeon.
You worshipped Ru.
Ru was noncommittal.
You were not hungry.

You visited 1 branch

Inventory:

Hand Weapons
 a - a +0 falchion (weapon)
Armour
 b - a +0 animal skin (worn)
Scrolls
 i - a scroll of blinking
Potions
 d - a potion of curing
 e - a potion of heal wounds
 f - a potion of haste
 g - 2 potions of magic
 h - a potion of berserk rage
Comestibles
 c - a ration


   Skills:
 + Level 5.7 Fighting
 * Level 7.7 Long Blades
 - Level 1.5 Armour
 - Level 1.5 Dodging


You had 4 spell levels left.
You didn't know any spells.
Your spell library was empty.

Dungeon Overview and Level Annotations

Branches:
Dungeon (1/1)

Altars:
Cheibriados
Dithmenos
Elyvilon
Fedhas
Gozag
Hepliaklqana
Kikubaaqudgha
Makhleb
Nemelex Xobeh
Okawaru
Qazlal
Ru
Sif Muna
Trog
Uskayaw
Vehumet
Wu Jian
Xom
Yredelemnul
Beogh
Jiyva
Lugonu


Innate Abilities, Weirdness & Mutations

You have extremely sharp teeth.
Your natural rate of healing is unusually fast.
When hurt, damage is shared between your health and your magic reserves.
Your bite disrupts and absorbs the magic of your enemies.
Potions cannot restore your health.
You are immune to rotting.


Message History

Found a deep blue altar of Sif Muna.
There is an ancient bone altar of Kikubaaqudgha here.
You recover from your berserk rage.
Found a bloodstained altar of Trog.
There is a corrupted altar of Lugonu here.
Found a hide-covered altar of Uskayaw.
There is a burning altar of Makhleb here.
Found a radiant altar of Vehumet.
There is a sparkling altar of Nemelex Xobeh here.
Found an ornate altar of the Wu Jian Council.
There is an iron altar of Okawaru here.
Found a shimmering altar of Xom.
There is a stormy altar of Qazlal here.
Found a basalt altar of Yredelemnul.
There is a sacrificial altar of Ru here.
You kneel at the altar of Ru.
You have lost your religion!
Trog does not appreciate desertion!
Ru welcomes you!
Are you sure you want to abandon this character and quit the game? (Confirm

▓_▓
▓_▓
▓_▓
▓_▓
▓_▓
▓_▓
▓_▓
▓@▓
▓_▓
▓_▓
▓_▓
▓_▓
▓_▓
▓_▓
▓_▓
▓_▓


There were no monsters in sight!

Vanquished Creatures
  A centaur (D)
  A worker ant (D)
  An adder (D)
  An adder zombie (D)
  A dart slug (D)
  An orc (D)
  A bat (D)
  A kobold (D)
  2 rats (D)
10 creatures vanquished.

Notes
Turn   | Place    | Note
-------+----------+-------------------------------------------
     0 | D        | diana the Vine Stalker Berserker began the quest for the
                  | Orb.
     0 | D        | Reached XP level 1. HP: 11/11 MP: 2/2
     4 | D        | Reached skill level 3 in Long Blades
     9 | D        | Reached ** piety under Trog
    15 | D        | Reached XP level 2. HP: 7/16 MP: 3/3
   189 | D        | Noticed a centaur
   197 | D        | Reached skill level 4 in Long Blades
   199 | D        | Reached *** piety under Trog
   201 | D        | Reached skill level 5 in Long Blades
   201 | D        | Reached XP level 3. HP: 11/21 MP: 4/4
   206 | D        | Killed a centaur
   206 | D        | Reached skill level 5 in Fighting
   206 | D        | Reached skill level 7 in Long Blades
   206 | D        | Gained mutation: Your natural rate of healing is unusually
                  | fast. [Vine Stalker growth]
   206 | D        | Reached XP level 4. HP: 5/28 MP: 1/5
   206 | D        | Reached XP level 5. HP: 5/32 MP: 1/6
   248 | D        | Found a roughly hewn altar of Beogh.
   248 | D        | Found a snail-covered altar of Cheibriados.
   248 | D        | Found a shadowy altar of Dithmenos.
   248 | D        | Found a white marble altar of Elyvilon.
   248 | D        | Found a blossoming altar of Fedhas.
   248 | D        | Found an opulent altar of Gozag.
   249 | D        | Found a hazy altar of Hepliaklqana.
   250 | D        | Found a viscous altar of Jiyva.
   251 | D        | Found an ancient bone altar of Kikubaaqudgha.
   252 | D        | Found a corrupted altar of Lugonu.
   253 | D        | Found a burning altar of Makhleb.
   254 | D        | Found a sparkling altar of Nemelex Xobeh.
   255 | D        | Found an iron altar of Okawaru.
   256 | D        | Found a stormy altar of Qazlal.
   257 | D        | Found a sacrificial altar of Ru.
   258 | D        | Found a deep blue altar of Sif Muna.
   259 | D        | Found a bloodstained altar of Trog.
   260 | D        | Found a hide-covered altar of Uskayaw.
   261 | D        | Found a radiant altar of Vehumet.
   262 | D        | Found an ornate altar of the Wu Jian Council.
   263 | D        | Found a shimmering altar of Xom.
   264 | D        | Found a basalt altar of Yredelemnul.
   265 | D        | Fell from the grace of Trog
   265 | D        | Became a worshipper of Ru the Awakened
   266 | D        | Quit the game

Skill      XL: |  1  2  3 |
---------------+----------+-----
Long Blades    | 3 5 7 |  7.7
Fighting       | 3 4 5 |  5.7
Armour         | |  1.5
Dodging        | |  1.5

Action                   |  1- 3 |  4- 6 || total
-------------------------+-------+-------++-------
Melee: Falchion          |    23 |       ||    23
       Bite              |     7 |       ||     7
Invok: Berserk           |     1 |       ||     1
Armor: Animal skin       |     1 |       ||     1
Dodge: Dodged            |    12 |       ||    12
       Rpst.: Falchion   |     6 |       ||     6
